 Dungeon Crawl Stone Soup version 0.31-a0-1370-gf52a5a9ab3 (webtiles) character file.

Game seed: 1373586713175829830

36024 grandjackal the Fighter (level 13, 0/124 HPs)
             Began as a Green Draconian Gladiator on Dec 23, 2023.
             Was a High Priest of Okawaru.
             Slain by a small abomination (7 damage)
             ... on level 5 of the Lair of Beasts.
             The game lasted 00:23:15 (16758 turns).

grandjackal the Fighter (DrGl)                     Turns: 16758, Time: 00:23:16

Health: 0/124      AC: 14    Str: 18    XL:     13   Next: 50%
Magic:  18/18      EV: 23    Int: 12    God:    Okawaru [*****.]
Gold:   1378       SH:  5    Dex: 16    Spells: 12/12 levels left

rFire   . . .        K - +2 long sword
rCold   + + .        B - +0 buckler
rNeg    . . .        (body armour unavailable)
rPois   +            b - +0 hat
rElec   .            J - +2 cloak
rCorr   +            N - +1 pair of gloves of Zibiac {rC++ Int+3}
SInv    .            e - +0 pair of boots
Will    .....        C - amulet of faith
Stlth   +            L - +5 ring of evasion
HPRegen 0.40/turn    p - ring of resist corrosion
MPRegen 0.16/turn

%: faith
@: about to teleport
A: breathe noxious fumes, AC +8, unfitting armour, poison resistance,
cold-blooded
a: Breathe Noxious Fumes, Renounce Religion, Heroism, Finesse, Duel


You were on level 5 of the Lair of Beasts.
You worshipped Okawaru.
Okawaru was extremely pleased with you.
You visited 3 branches of the dungeon, and saw 18 of its levels.
You also visited: Ice Cave.

You collected 1378 gold pieces.

Inventory:

Hand Weapons
 a - a +1 heavy triple sword
 i - a +2 dagger of speed
 r - a +2 dagger of draining
 K - a +2 long sword (weapon)
 Q - a +1 long sword of holy wrath
Missiles
 d - a javelin
 D - a boomerang
 H - 6 silver javelins
Armour
 b - a +0 hat (worn)
 e - a +0 pair of boots (worn)
 B - a +0 buckler (worn)
 J - a +2 cloak (worn)
 N - the +1 pair of gloves of Zibiac (worn) {rC++ Int+3}
   (Okawaru gifted it to you on level 11 of the Dungeon)

   Int+3:     It affects your intelligence (+3).
   rC++:      It greatly protects you from cold.
Jewellery
 p - a ring of resist corrosion (right hand)
 C - an amulet of faith (around neck)
 E - a ring of positive energy
 G - a ring of positive energy
 L - a +5 ring of evasion (left hand)
 R - a +4 ring of protection
 T - a ring of protection from fire
Wands
 c - a wand of iceblast (3)
 z - a wand of flame (48)
 A - a wand of paralysis (18)
 I - a wand of mindburst (18)
Scrolls
 f - 3 scrolls of fear {unknown}
 k - 4 scrolls of fog {unknown}
 n - 3 scrolls of revelation {unknown}
 s - 2 scrolls of poison {unknown}
 t - 2 scrolls of enchant armour {unknown}
 u - a scroll of brand weapon {unknown}
 v - 3 scrolls of enchant weapon {unknown}
 w - a scroll of teleportation
 x - 2 scrolls of torment {unknown}
 y - a scroll of vulnerability {unknown}
 M - 2 scrolls of immolation
Potions
 g - 3 potions of brilliance
 h - 3 potions of enlightenment
 l - 2 potions of magic
 m - 2 potions of lignification
 o - a potion of resistance
 q - 2 potions of curing
 F - 3 potions of mutation
 O - 2 potions of haste {unknown}
 P - a potion of attraction {unknown}
 S - a potion of berserk rage {unknown}


   Skills:
 + Level 14.2 Fighting
 + Level 13.1 Long Blades
 - Level 2.0 Throwing
 + Level 12.1 Dodging
 - Level 4.3 Shields
 + Level 7.1 Invocations


You had 12 spell levels left.
You didn't know any spells.
Your spell library contained the following spells:

 Spells                   Type           Power      Damage    Failure   Level
 Kiss of Death            Conj/Necr      0%         2d5       38%         1
 Necrotise                Necr           0%         1d4       38%         1
 Shock                    Conj/Air       0%         1d3       38%         1
 Lesser Beckoning         Tloc           0%         N/A       52%         2
 Sublimation of Blood     Necr           0%         N/A       52%         2
 Confusing Touch          Hex            0%         N/A       77%         3
 Gell's Gravitas          Tloc           0%         N/A       77%         3
 Inner Flame              Hex/Fire       0%         N/A       77%         3
 Stone Arrow              Conj/Erth      0%         3d7       77%         3
 Swiftness                Air            0%         N/A       77%         3
 Teleport Other           Tloc           0%         N/A       77%         3
 Vampiric Draining        Necr           0%         2d6       77%         3
 Airstrike                Air            0%         2d(0-16)  99%         4
 Dispel Undead            Necr           0%         3d6       99%         4
 Flame Wave               Conj/Fire      0%         2d4       99%         4
 Passage of Golubria      Tloc           0%         N/A       99%         4
 Sticky Flame             Fire/Alch      0%         2d4       99%         4
 Agony                    Necr           0%         N/A       100%        5
 Yara's Violent Unravell  Hex/Alch       0%         3d3       100%        5
 Lehudib's Crystal Spear  Conj/Erth      0%         10d2      100%        8
 Call Imp                 Summ           Unusable   N/A       N/A         2
 Tukima's Dance           Hex            Unusable   N/A       N/A         3
 Animate Armour           Summ/Erth      Unusable   N/A       N/A         4
 Summon Hydra             Summ           Unusable   N/A       N/A         7

Dungeon Overview and Level Annotations

Branches:
Dungeon (12/15)            Temple (1/1) D:7            Lair (5/5) D:10
  Swamp (0/4) Lair:3       Spider (0/4) Lair:3        Slime (0/5) Lair:5
  IceCv (visited)
    Orc: D:9-12

Altars:
Ashenzari
Cheibriados
Dithmenos
Elyvilon
Fedhas
Gozag
Hepliaklqana
Kikubaaqudgha
Makhleb
Nemelex Xobeh
Okawaru
Qazlal
Ru
Sif Muna
Trog
Uskayaw
Vehumet
Wu Jian
Xom
Yredelemnul
Zin
The Shining One
Jiyva

Shops:
D:11 =

Portals:
Trove: D:10 (give 4 scrolls of fog)

Annotations:
D:10 3 runed translucent doors, ksail's ghost, novice MiFi
D:12 Frances
Lair:3 2 transporters, Loin Jupepn's ghost, journeyman OnGl


Innate Abilities, Weirdness & Mutations

You can breathe blasts of noxious fumes.
Your lurid green scales are hard. (AC +8)
You cannot fit into any form of body armour.
Your system is resistant to poisons. (rPois)
You are cold-blooded and may be slowed by cold attacks.


Message History

The yak gores you but does no damage.
A yak comes into view.
The yak bellows!
The yak gores you!
* * * LOW HITPOINT WARNING * * *
The hell rat bites you but does no damage.
A yak comes into view.
The yak bellows!
You hear an angry hiss.
The yak gores you but does no damage. The hell rat bites you.
* * * LOW HITPOINT WARNING * * *
The cane toad croaks.
The hell rat bites you but does no damage.
The yak gores you.
* * * LOW HITPOINT WARNING * * *
A raiju comes into view.
The small abomination hits you.
* * * LOW HITPOINT WARNING * * *
The hell rat bites you.
* * * LOW HITPOINT WARNING * * *
The yak gores you.
* * * LOW HITPOINT WARNING * * *
The small abomination hits you.
* * * LOW HITPOINT WARNING * * *
The hell rat bites you but does no damage.
The yak gores you!
* * * LOW HITPOINT WARNING * * *
The small abomination hits you!
* * * LOW HITPOINT WARNING * * *
The hell rat bites you!
* * * LOW HITPOINT WARNING * * *
The small abomination hits you but does no damage.
The hell rat bites you but does no damage.
You turn to flesh and can move again.
Unknown command.
Unknown command.
Okay, then.
Okay, then.
As you read the scroll of teleportation, it crumbles to dust.
You feel strangely unstable. The small abomination hits you!
You die...

.....# .#..........
.P...##.............♣
......# ...........♣♣
.#...###.........P...♣
..#..................♣
..#..................
.................YY♣
................rY.♣
..............F.@x.♣
...................♣
#.#..........[.....♣
##..##.#...........♣
.... ............♣
................♣♣
#...F. ....#....♣
....# ...#.....♣ #####


You could see 3 yaks, a cane toad, a small abomination and a hell rat.

Vanquished Creatures
  A storm dragon (D:11)
  Josephine (D:11)
  4 hydras
  A boulder beetle (D:8)
  3 two-headed ogres
  Urug (D:11)
  Sonja (Lair:2)
  A skyshark (Lair:5)
  An oklob plant (Lair:2)
  2 ugly things
  Maurice (D:8)
  5 black mambas
  A cyclops (D:11)
  2 manticores
  6 cane toads
  Maggie (Lair:1)
  2 gargoyles
  Joseph (D:9)
  A freezing wraith (D:11)
  A kobold demonologist (D:11)
  3 komodo dragons
  2 rime drakes (Lair:2)
  An anaconda simulacrum (IceCv)
  A meliai (D:8)
  2 trolls (D:9)
  A polar bear (Lair:5)
  19 blink frogs
  5 dream sheep (Lair:5)
  A jumping spider (Lair:3)
  2 ynoxinuls (D:9)
  17 yaks
  A shadow (D:11)
  A vampire (D:11)
  5 wraiths (D:11)
  5 wyverns
  A basilisk (Lair:1)
  A warg (D:10)
  4 steam dragons
  4 vampire mosquitoes (D:11)
  3 redbacks (Lair:3)
  A death yak simulacrum (IceCv)
  Menkaure (D:6)
  12 water moccasins
  A hydra simulacrum (IceCv)
  An orc warrior (D:5)
  2 sky beasts (D:7)
  4 black bears
  9 wolves
  4 ice beasts
  2 centaurs
  4 kobold brigands
  14 bullfrogs
  3 scorpions
  12 wights
  An elephant simulacrum (IceCv)
  20 killer bees
  3 howler monkeys (D:10)
  2 jellies
  3 orc priests
  A sleepcap (D:7)
  3 iguanas
  10 orc wizards
  5 hell rats (Lair:4)
  6 adders
  3 shadow imps
  3 white imps
  2 bombardier beetles
  8 ufetubi (D:9)
  4 dart slugs
  36 orcs
  8 endoplasms
  3 giant cockroaches
  5 goblins
  10 hobgoblins
  6 jackals (D:1)
  4 quokkas
  8 ball pythons
  4 bats
  9 frilled lizards
  24 kobolds
  9 rats
386 creatures vanquished.

Vanquished Creatures (others)
  A wolf (D:10)
  An orc (D:6)
2 creatures vanquished.

Grand Total: 388 creatures vanquished

Notes
Turn   | Place    | Note
-------+----------+-------------------------------------------
     0 | D:1      | grandjackal the Draconian Gladiator began the quest for the
                  | Orb.
     0 | D:1      | Reached XP level 1. HP: 17/17 MP: 1/1
   227 | D:1      | Reached XP level 2. HP: 25/25 MP: 2/2
   453 | D:1      | Reached XP level 3. HP: 30/30 MP: 3/3
   836 | D:2      | Reached skill level 3 in Fighting
  1004 | D:2      | You fall into a shaft and drop 2 floors!
  1045 | D:4      | Reached XP level 4. HP: 38/38 MP: 4/4
  1207 | D:3      | Found a faded altar of an unknown god.
  1404 | D:3      | Reached XP level 5. HP: 9/46 MP: 5/5
  2333 | D:4      | Reached skill level 4 in Fighting
  2421 | D:4      | Found a burning altar of Makhleb.
  2421 | D:4      | Found a glowing silver altar of Zin.
  2421 | D:4      | Found a bloodstained altar of Trog.
  2645 | D:4      | Reached XP level 6. HP: 38/53 MP: 6/6
  3091 | D:4      | Found an opulent altar of Gozag.
  3297 | D:5      | Entered Level 5 of the Dungeon
  3346 | D:5      | Reached skill level 5 in Fighting
  3346 | D:5      | Reached skill level 5 in Long Blades
  3512 | D:5      | Noticed an orc warrior
  3522 | D:5      | Noticed an ice beast
  3565 | D:5      | Killed an orc warrior
  3566 | D:5      | Your scales start taking on a lurid green colour.
  3566 | D:5      | Reached XP level 7. HP: 26/61 MP: 7/7
  3566 | D:5      | Gained mutation: Your system is resistant to poisons.
                  | (rPois) [Green Draconian growth]
  3569 | D:5      | Reached skill level 5 in Dodging
  4089 | D:6      | HP: 1/61 [ice beast (8)]
  4320 | D:5      | Reached skill level 1 in Shields
  4544 | D:6      | Reached skill level 6 in Fighting
  4562 | D:6      | Noticed Menkaure
  4573 | D:6      | Killed Menkaure
  4574 | D:6      | Reached XP level 8. HP: 63/70 MP: 8/8
  4741 | D:6      | Found a blossoming altar of Fedhas.
  4748 | D:6      | Found a sacrificial altar of Ru.
  5443 | D:7      | Reached skill level 7 in Fighting
  5759 | D:7      | Found a staircase to the Ecumenical Temple.
  5891 | Temple   | Entered the Ecumenical Temple
  5908 | Temple   | Became a worshipper of Warmaster Okawaru
  5972 | D:8      | Noticed Maurice
  6036 | D:8      | Killed Maurice
  6036 | D:8      | Reached * piety under Okawaru
  6037 | D:8      | Reached XP level 9. HP: 39/79 MP: 6/9
  6273 | D:8      | Noticed a two-headed ogre
  6283 | D:8      | Killed a two-headed ogre
  6284 | D:8      | Reached skill level 8 in Fighting
  6469 | D:8      | Noticed a gargoyle
  6476 | D:8      | Killed a gargoyle
  6476 | D:8      | Reached ** piety under Okawaru
  6502 | D:8      | Noticed a manticore
  6523 | D:8      | Killed a manticore
  6766 | D:8      | Noticed a boulder beetle
  6818 | D:8      | Reached skill level 9 in Fighting
  6824 | D:8      | Reached XP level 10. HP: 44/86 MP: 8/10
  6857 | D:8      | Killed a boulder beetle
  6925 | D:8      | Reached *** piety under Okawaru
  7807 | D:9      | Reached skill level 10 in Fighting
  7811 | D:9      | Reached **** piety under Okawaru
  8058 | D:9      | Noticed a two-headed ogre
  8069 | D:9      | Killed a two-headed ogre
  8366 | D:9      | Reached ***** piety under Okawaru
  8368 | D:9      | Reached XP level 11. HP: 100/101 MP: 11/11
  8400 | D:9      | Noticed Joseph
  8419 | D:9      | Killed Joseph
  8420 | D:9      | Reached skill level 10 in Long Blades
  8647 | D:9      | Noticed a two-headed ogre
  8660 | D:9      | Killed a two-headed ogre
  8664 | D:9      | Found a shimmering blue altar of Sif Muna.
  8874 | D:10     | Entered Level 10 of the Dungeon
  8886 | D:10     | Reached skill level 11 in Fighting
  9094 | D:10     | Found a portal to a secret trove of treasure.
  9150 | D:10     | Found a runed translucent gate.
  9150 | D:10     | Found a runed translucent gate.
  9150 | D:10     | Found a runed translucent gate.
  9152 | D:10     | Noticed ksail's ghost (novice MiFi)
  9422 | D:10     | Found a staircase to the Lair.
  9453 | D:10     | Found a basalt altar of Yredelemnul.
  9879 | D:10     | Reached ****** piety under Okawaru
  9879 | D:10     | Received a gift from Okawaru
  9887 | D:10     | Acquired a +1 heavy triple sword
  9887 | D:10     | Received a gift from Okawaru
 10153 | D:11     | Noticed a storm dragon
 10167 | D:11     | Killed a storm dragon
 10168 | D:11     | Reached skill level 10 in Dodging
 10170 | D:11     | Noticed Urug
 10188 | D:11     | Killed Urug
 10192 | D:11     | Reached skill level 12 in Fighting
 10447 | D:11     | Noticed Josephine
 10465 | D:11     | Killed Josephine
 10492 | D:11     | Acquired the +1 pair of gloves of Zibiac {rC++ Int+3}
 10492 | D:11     | Received a gift from Okawaru
 10511 | D:11     | Received a gift from Okawaru
 10955 | D:11     | Found Joizezav's Jewellery Boutique.
 10963 | D:11     | Reached XP level 12. HP: 113/113 MP: 12/12
 11328 | D:11     | Reached skill level 1 in Invocations
 11486 | D:12     | Noticed Frances
 11557 | Lair:1   | Entered Level 1 of the Lair of Beasts
 11650 | Lair:1   | Received a gift from Okawaru
 11858 | Lair:1   | Noticed Maggie
 11886 | Lair:1   | Killed Maggie
 12515 | Lair:2   | Found a sacrificial altar of Ru.
 12569 | Lair:2   | Found a frozen archway.
 12586 | IceCv    | Entered an ice cave
 12597 | IceCv    | Reached skill level 13 in Fighting
 12621 | IceCv    | Received a gift from Okawaru
 12626 | IceCv    | Found a transporter.
 12636 | IceCv    | Found a transporter.
 13606 | Lair:2   | Noticed Sonja
 13618 | Lair:2   | Killed Sonja
 13806 | Lair:3   | Noticed a five-headed hydra
 13806 | Lair:3   | Noticed a five-headed hydra
 13831 | Lair:3   | Killed a five-headed hydra
 13857 | Lair:3   | Killed a five-headed hydra
 13858 | Lair:3   | Reached skill level 5 in Invocations
 14105 | Lair:3   | Received a gift from Okawaru
 14130 | Lair:3   | Reached XP level 13. HP: 82/122 MP: 17/17
 14414 | Lair:3   | Found a staircase to the Swamp.
 14417 | Lair:3   | Received a gift from Okawaru
 14468 | Lair:3   | Found a transporter.
 14472 | Lair:3   | Noticed Loin Jupepn's ghost (journeyman OnGl)
 14529 | Lair:3   | Found a transporter.
 14990 | Lair:3   | Found a hole to the Spider Nest.
 16375 | Lair:5   | Entered Level 5 of the Lair of Beasts
 16407 | Lair:5   | Reached skill level 14 in Fighting
 16436 | Lair:5   | Received a gift from Okawaru
 16496 | Lair:5   | Found a viscous altar of Jiyva.
 16497 | Lair:5   | Found a staircase to the Slime Pits.
 16695 | Lair:5   | HP: 3/124 [blink frog (11)]
 16756 | Lair:5   | HP: 6/124 [hell rat (4)]
 16758 | Lair:5   | Slain by a small abomination

Illustrated notes

Levels and vault maps discovered:
D:1:      roderic_octagonal_star, layout_loops_ring
D:2:      layout_rooms
D:3:      layout_basic, dreamdust_ecumenical_altar_angels_and_demons
D:4:      layout_basic, nicolae_gozag_cash_rules_everything_around_me,
          gammafunk_temple_overflow_claw, minivault_25, grunt_ministairs_15,
          serial_library_hellmonk_octagon
D:5:      layout_layer_cave, serial_library_hellmonk_junction
D:6:      layout_cave_pools, amethyst_overflow_temple_binary,
          chequers_serial_rivers_small_3,
          serial_library_regret_index_double_sided, uniq_menkaure
D:7:      layout_loops_cross, temple_green
D:8:      layout_loops_ring, kb_rosetta, uniq_maurice
D:9:      layout_loops_corners, marbit_many_paths, st_stairs_12,
          nicolae_fort_ynox, uniq_joseph
D:10:     layout_loops_corners, mainiacjoe_overflow_boulevard,
          erik_lair_orcish_takeover, enter_trove_6,
          gammafunk_ghost_nasty_kobolds
D:11:     nzn_winding_woodlands_medium [nzn_winding_woodlands_hourglass,
          nzn_winding_woodlands_5x15_pathside_ponds,
          nzn_winding_woodlands_5x5_default,
          nzn_winding_woodlands_5x5_checkerboard,
          nzn_winding_woodlands_center_diamonds,
          nzn_winding_woodlands_5x5_default,
          nzn_winding_woodlands_5x5_open_star,
          nzn_winding_woodlands_5x15_garden, nzn_winding_woodlands_5x5_three],
          layout_rooms, serial_shops, nicolae_shop_crystal, uniq_josephine,
          uniq_urug
D:12:     layout_basic, hiddenorc1_lemuel, uniq_frances
Temple:   nicolae_temple_bog_church
Lair:1:   layout_roguey, grunt_megastairs_5, uniq_maggie
Lair:2:   layout_hall_layers, portal_ice_cave_rime, lemuel_oklob_altar,
          uniq_sonja
Lair:3:   layout_hall_layers, minmay_swamp_entry_reptiles, spider_nest_entry_a,
          gammafunk_ghost_arena
Lair:4:   layout_regular_city
Lair:5:   hellmonk_lair_end_abyssal_woods, layout_gridlike,
          dpeg_slime_entry_enclosed, special_room [special_room_mythical_zoo],
          enter_volcano_4, nzn_sisyphean_effort

Skill      XL: |  1  2  3  4  5  6  7  8  9 10 11 12 13 |
---------------+----------------------------------------+-----
Throwing       | 2 |  2.0
Dodging        | 3 4 5 6 7 9 10 11 12 | 12.1
Fighting       | 3 4 5 6 7 9 10 12 13 14 | 14.2
Long Blades    | 4 5 7 8 9 11 12 13 | 13.1
Shields        | 2 4 |  4.3
Invocations    | 5 7 |  7.1

Action                     |  1- 3 |  4- 6 |  7- 9 | 10-12 | 13-15 || total
---------------------------+-------+-------+-------+-------+-------++-------
  Melee: Long sword        |   110 |    57 |    38 |   995 |   297 ||  1497
         Tailslap          |    12 |    35 |    52 |   184 |    68 ||   351
         Dagger            |       |   189 |   327 |    39 |    34 ||   589
         Punch             |       |     3 |     5 |       |       ||     8
         Great sword       |       |       |    11 |       |       ||    11
  Throw: Throwing net      |       |     1 |     2 |       |       ||     3
 Invoke: Heroism           |       |       |     2 |     7 |     5 ||    14
         Finesse           |       |       |       |     2 |     1 ||     3
         Receive Weapon    |       |       |       |     1 |       ||     1
         Receive Armour    |       |       |       |     1 |       ||     1
Ability: Breathe Noxious F |       |       |     8 |    13 |     1 ||    22
  Evoke: Wand              |       |       |    16 |    11 |     3 ||    30
    Use: Potion            |       |     3 |       |     1 |     5 ||     9
         Scroll            |       |       |       |    10 |     4 ||    14
   Stab: Sleeping          |     2 |     2 |     4 |     1 |       ||     9
         Held in net/web   |       |     1 |       |       |       ||     1
         Confused          |       |       |    10 |    25 |     2 ||    37
 Armour: Skin              |    51 |   147 |   177 |   357 |   209 ||   941
  Dodge: Dodged            |    73 |   172 |   218 |  1053 |   447 ||  1963
  Block: Buckler           |       |       |    30 |   295 |   138 ||   463

Table legend: (Time is in decaauts)
 A = Elapsed time spent in this place.
 B = Non-inter-level travel time spent in this place.
 C = Inter-level travel time spent in this place.
 D = Time resting spent in this place.
 E = Time spent auto-exploring this place.
 F = Levels seen in this place.
 G = Mean time per level.
                   A        B        C        D        E       F      G
               +--------+--------+--------+--------+--------+-----+--------+
         Total |  16476 |  15853 |    623 |   2964 |   9354 |  19 |  867.2 |
       Dungeon |  11418 |  10977 |    441 |   1864 |   6692 |  12 |  951.5 |
        Temple |     29 |     17 |     12 |      0 |      0 |   1 |   29.0 |
          Lair |   4914 |   4745 |    169 |   1046 |   2661 |   5 |  982.8 |
      Ice Cave |    113 |    113 |      0 |     54 |      0 |   1 |  113.0 |
               +--------+--------+--------+--------+--------+-----+--------+

Top non-repeatable levels by time:
  Lair:2: 1769 daAuts
     D:9: 1508 daAuts
    D:11: 1446 daAuts
     D:8: 1347 daAuts
    D:10: 1178 daAuts
     D:3: 1075 daAuts
     D:4: 1036 daAuts
  Lair:4: 1034 daAuts
     D:7: 1025 daAuts
  Lair:3: 946 daAuts
     D:5: 902 daAuts
     D:1: 850 daAuts
  Lair:1: 817 daAuts
     D:6: 671 daAuts
     D:2: 365 daAuts
